 Dungeon Crawl Stone Soup version 0.30.1-3-gfc49f6343a (webtiles) character file.

Game seed: 10576118353955043847

105 Peloso the Covered (level 4, 0/41 HPs)
             Began as a Minotaur Fighter on July 27, 2023.
             Killed by nerve-wracking pain
             ... invoked by an orc priest
              (13 damage)
             ... on level 3 of the Dungeon.
             The game lasted 00:03:51 (1540 turns).

Peloso the Covered (Minotaur Fighter)               Turns: 1540, Time: 00:03:52

Health: 0/41       AC: 16    Str: 20    XL:     4   Next: 54%
Magic:  3/3        EV:  2    Int:  5    God:
Gold:   90         SH:  5    Dex: 12    Spells: 3/3 levels left

rFire   + . .        a - +0 long sword
rCold   . . .        c - +0 buckler
rNeg    . . .        i - +0 crystal plate armour
rPois   .            (helmet restricted)
rElec   .            (no cloak)
rCorr   .            (no gloves)
SInv    .            (no boots)
Will    .....        (no amulet) Stlth
                     (no ring)
HPRegen 0.26/turn    (no ring)
MPRegen 0.08/turn

%: no passive effects
@: no status effects
A: horns 2, retaliatory headbutt, fire resistance 1
a: no special abilities


You were on level 3 of the Dungeon.
You visited 1 branch of the dungeon, and saw 3 of its levels.

You collected 90 gold pieces.

Inventory:

Hand Weapons
 a - a +0 long sword (weapon)
Armour
 b - a +0 scale mail
 c - a +0 buckler (worn)
 i - a +0 crystal plate armour (worn)
 k - the +0 chain mail of Gauschew {+Inv}
   (You found it on level 2 of the Dungeon)

   +Inv:      It lets you turn invisible.
Jewellery
 m - an amulet of faith
Wands
 f - a wand of acid (8)
Scrolls
 g - a scroll of enchant weapon
 h - 2 scrolls of identify
 l - a scroll of blinking {unknown}
Potions
 d - a potion of might
 e - a potion of mutation
 j - a potion of resistance


   Skills:
 + Level 4.3 Fighting
 + Level 4.1 Long Blades
 + Level 4.4 Armour
 + Level 0.8 Dodging
 + Level 4.1 Shields


You had 3 spell levels left.
You didn't know any spells.
Your spell library was empty.

Dungeon Overview and Level Annotations

Branches:
Dungeon (3/15)

Altars:
Ashenzari
Dithmenos
The Shining One


Innate Abilities, Weirdness & Mutations

You have a pair of horns on your head.
You reflexively headbutt those who attack you in melee.
Your flesh is heat resistant. (rF+)


Message History

The orc is heavily wounded.
The orc barely misses you. You furiously retaliate!
You headbutt the orc.
You kill the orc!
You closely miss the orc.
The orc priest mumbles some strange prayers to Beogh against you.
Beogh smites you! The orc hits you but does no damage.
You hit the orc but do no damage. You headbutt the orc.
The orc is moderately wounded.
The orc hits you but does no damage.
You hit the orc.
The orc is almost dead.
The orc hits you but does no damage. x2
You slash the orc!
You kill the orc!
You hit the frilled lizard.
You kill the frilled lizard!
The orc priest mumbles some strange prayers to Beogh against you.
Beogh smites you! The orc hits you with a +0 hand axe.
Items here: )) [ †.
You hit the orc.
You kill the orc!
You hit the orc priest.
The orc priest is moderately wounded.
The orc priest hits you with a +0 hand axe.
* * * LOW HITPOINT WARNING * * *
You slash the orc priest!
The orc priest is severely wounded.
The orc priest hits you but does no damage. x2
You hit the orc priest.
The orc priest is almost dead.
The orc priest hits you but does no damage.
You barely miss the orc priest.
The orc priest is almost dead.
The orc priest hits you but does no damage.
You barely miss the orc priest.
The orc priest is almost dead.
The orc priest calls down the wrath of Beogh upon you.
Pain shoots through your body!
You die...

+## ########## ....
#........# .....
#######........#####......
#.....'........'@oo.......
##.####........###........
#.# #........# #........
#.####........# #...^....
#.#...........# #........
#.#.#.........# #........
#.#.+......#+## #########
##.###...##†#.#
#....'...##.#.#


You could see an orc priest and an orc.

Vanquished Creatures
  3 adders
  A worm (D:2)
  A dart slug (D:2)
  7 orcs (D:3)
  A bat (D:2)
  3 endoplasms (D:2)
  3 giant cockroaches
  5 goblins
  5 hobgoblins
  11 jackals
  5 kobolds
  A quokka (D:1)
  7 ball pythons
  5 frilled lizards
  3 rats
61 creatures vanquished.

Notes
Turn   | Place    | Note
-------+----------+-------------------------------------------
     0 | D:1      | Peloso the Minotaur Fighter began the quest for the Orb.
     0 | D:1      | Reached XP level 1. HP: 19/19 MP: 0/0
   430 | D:1      | Reached XP level 2. HP: 22/27 MP: 1/1
   773 | D:2      | Reached XP level 3. HP: 26/33 MP: 2/2
   876 | D:2      | Gained mutation: You occasionally lose the ability to read
                  | scrolls when taking damage. [potion of mutation]
   876 | D:2      | Gained mutation: Your flesh is heat resistant. (rF+)
                  | [potion of mutation]
   876 | D:2      | Gained mutation: Your muscles are strong. (Str +4, Int/Dex
                  | -1) [potion of mutation]
   877 | D:2      | Lost mutation: Your muscles are strong. (Str +4, Int/Dex
                  | -1) [potion of mutation]
   877 | D:2      | Lost mutation: You occasionally lose the ability to read
                  | scrolls when taking damage. [potion of mutation]
  1100 | D:2      | Reached XP level 4. HP: 40/40 MP: 3/3
  1170 | D:2      | Found a faded altar of an unknown god.
  1289 | D:2      | Identified the +0 chain mail of Gauschew {+Inv}
  1355 | D:3      | Found a broken altar of Ashenzari.
  1355 | D:3      | Found a glowing golden altar of the Shining One.
  1360 | D:3      | Found a shadowy altar of Dithmenos.
  1540 | D:3      | Killed from afar by an orc priest

Illustrated notes

Levels and vault maps discovered:
D:1:      nzn_arrival_depleted_hourglass, layout_loops_ring
D:2:      minmay_recursive_quarters, layout_basic, basic_ecumenical_altar
D:3:      minmay_goblin_kobold_castle, layout_basic,
          mainiacjoe_overflow_cross_hatched, nicolae_overflow_two_pavilions

Skill      XL: |  1  2  3  4 |
---------------+-------------+-----
Fighting       | 4 |  4.3
Shields        | 4 |  4.1
Armour         | 4 |  4.4
Long Blades    | 3 4 |  4.1
Dodging        | |  0.8

Action                     |  1- 3 |  4- 6 || total
---------------------------+-------+-------++-------
  Melee: Long sword        |   102 |    43 ||   145
         Headbutt          |    15 |     4 ||    19
    Use: Potion            |     5 |       ||     5
         Scroll            |       |     2 ||     2
 Armour: Scale mail        |    48 |       ||    48
         Crystal plate arm |    11 |    28 ||    39
  Dodge: Dodged            |    42 |     4 ||    46
  Block: Buckler           |    36 |     5 ||    41
